 Dungeon Crawl Stone Soup version 0.30.0-30-g96aa6591b8 (webtiles) character file.

Game seed: 15942726164724435129

1371 GeoRichter the Basher (level 8, -2/66 HPs)
             Began as an Armataur Warper on June 30, 2023.
             Was a Believer of Lugonu.
             Slain by Joseph
             ... wielding a +0 quarterstaff
              (6 damage)
             ... on level 7 of the Dungeon.
             The game lasted 00:09:02 (6272 turns).

GeoRichter the Basher (Armataur Warper)             Turns: 6272, Time: 00:09:04

Health: -2/66      AC: 12    Str: 18    XL:     8   Next: 38%
Magic:  0/10       EV:  5    Int: 21    God:    Lugonu [**....]
Gold:   256        SH:  0    Dex:  9    Spells: 10/10 levels left

rFire   . . .        o - +0 morningstar
rCold   . . .        (no shield)
rNeg    . . .        m - +0 scale mail
rPois   .            (no helmet)
rElec   .            l - +0 cloak
rCorr   .            B - +0 pair of gloves
SInv    .            y - +0 barding
Will    .....        g - amulet of guardian spirit Stlth
                     k - +6 ring of intelligence
HPRegen 0.31/turn    (no ring)
MPRegen 0.12/turn

%: guardian spirit, roll
@: no status effects
A: large, rugged brown scales 3, deformed body, armoured tail, roll, long
tongue, awkward tongue
a: Renounce Religion, Depart the Abyss, Banish


You were on level 7 of the Dungeon.
You worshipped Lugonu.
Lugonu was pleased with you.
You visited 1 branch of the dungeon, and saw 7 of its levels.

You collected 256 gold pieces.

Inventory:

Hand Weapons
 o - a +0 morningstar (weapon)
   (You found it on level 2 of the Dungeon)
 C - a +1 dire flail of holy wrath
   (You took it off Edmund on level 5 of the Dungeon)
Missiles
 d - 3 boomerangs of dispersal (quivered) {!f}
Armour
 b - a +0 leather armour
 l - a +0 cloak (worn)
   (You found it on level 2 of the Dungeon)
 m - a +0 scale mail (worn)
   (You found it on level 1 of the Dungeon)
 y - a +0 barding (worn)
   (You found it on level 4 of the Dungeon)
 B - a +0 pair of gloves (worn)
   (You found it on level 5 of the Dungeon)
Jewellery
 g - an amulet of guardian spirit (around neck)
   (You found it on level 1 of the Dungeon)
 k - a +6 ring of intelligence (left hand)
   (You found it on level 1 of the Dungeon)
 x - a ring of ice
   (You found it on level 4 of the Dungeon)
 D - an amulet of reflection
   (You found it on level 5 of the Dungeon)
Wands
 F - a wand of charming (5)
   (You found it on level 7 of the Dungeon)
Scrolls
 c - 2 scrolls of blinking
 e - 2 scrolls of identify {@r1}
 i - 3 scrolls of amnesia
 p - a scroll of acquirement {unknown}
 s - 3 scrolls of teleportation {unknown}
 t - a scroll of torment {!r}
 u - a scroll of enchant weapon {unknown}
 w - 2 scrolls of poison {!r}
 z - a scroll of fog {unknown}
 A - a scroll of vulnerability {unknown}
 G - a scroll of fear {unknown}
Potions
 a - a potion of magic
 f - 2 potions of curing {@q1}
 h - a potion of lignification {!q}
 j - a potion of resistance
 n - a potion of haste {@q3}
 q - a potion of brilliance
 r - 2 potions of degeneration {unknown}
 v - a potion of might
 E - a potion of heal wounds {unknown}


   Skills:
 - Level 2.4 Fighting
 * Level 8.8 Maces & Flails
 - Level 0.8 Throwing
 - Level 1.2 Armour
 - Level 1.3 Dodging
 - Level 1.7 Spellcasting
 - Level 3.0 Translocations
 + Level 3.7 Invocations


You had 10 spell levels left.
You didn't know any spells.
Your spell library contained the following spells:

 Spells                   Type           Power      Damage    Failure   Level
 Blink                    Tloc           28%        N/A       22%         2
 Lesser Beckoning         Tloc           28%        N/A       22%         2
 Gell's Gravitas          Tloc           14%        N/A       41%         3
 Teleport Other           Tloc           14%        N/A       41%         3
 Ensorcelled Hibernation  Hex/Ice        2%         N/A       58%         2
 Passwall                 Tmut/Erth      0%         N/A       58%         2
 Scorch                   Fire           2%         2d5       58%         2
 Vhi's Electric Charge    Tloc/Air       16%        N/A       63%         3
 Manifold Assault         Tloc           14%        N/A       82%         4
 Ozocubu's Armour         Ice            1%         N/A       83%         3
 Swiftness                Air            1%         N/A       83%         3
 Flame Wave               Conj/Fire      1%         2d4       99%         4
 Summon Cactus Giant      Summ           0%         N/A       100%        6
 Ozocubu's Refrigeration  Ice            0%         4d7       100%        7


Dungeon Overview and Level Annotations

Branches:
Dungeon (7/15) Zot: 26462
 Temple: D:4-7

Altars:
Gozag
Hepliaklqana
Makhleb
Nemelex Xobeh
Ru
Vehumet
Lugonu

Shops:
D:5 [

Annotations:
D:5 2 transporters, Tyszek's ghost, amateur MiDe
D:7 Joseph


Innate Abilities, Weirdness & Mutations

You are completely covered in rugged brown scales. (AC +3, +7% HP)
Armour fits poorly on your strangely shaped body.
You have a long armoured tail.
You roll when moving toward enemies. (Rampage)
Your long tongue fully drains potion bottles. (2x potion effects)
Your tongue gives you trouble enunciating. (1.5x scroll delay)


Message History

Joseph shoots a sling bullet.
The sling bullet hits you!
You start resting.
Joseph is nearby!
You hit Joseph.
Your tail-slap misses Joseph.
You punch Joseph, but do no damage.
Joseph is lightly wounded.
Joseph unwields a +0 sling.
Joseph wields a +0 quarterstaff.
Joseph hits you with a +0 quarterstaff!
You closely miss Joseph.
Joseph is lightly wounded.
You hit Joseph.
Joseph is lightly wounded.
Joseph hits you with a +0 quarterstaff.
You sock Joseph!
Your tail-slap misses Joseph.
Joseph is moderately wounded.
Joseph hits you with a +0 quarterstaff.
You puncture Joseph!
Joseph is moderately wounded.
Joseph barely misses you. Joseph hits you with a +0 quarterstaff.
You sock Joseph!
Joseph is heavily wounded.
Joseph zaps a wand.
Your mind is blasted!
* * * LOW HITPOINT WARNING * * *
Okay, then.
You barely miss Joseph.
Joseph is heavily wounded.
Joseph hits you with a +0 quarterstaff!
* * * LOW HITPOINT WARNING * * *
You barely miss Joseph.
Your tail-slap misses Joseph.
Joseph is heavily wounded.
Joseph zaps a wand.
You struggle to resist.
You puncture Joseph!
Your tail-slap misses Joseph.
Joseph is heavily wounded.
Joseph hits you but does no damage.
Unknown command.
You barely miss Joseph.
Joseph is heavily wounded.
Joseph hits you with a +0 quarterstaff.
* * * LOW HITPOINT WARNING * * *
You puncture Joseph!
Joseph is severely wounded.
Joseph zaps a wand.
Your mind is blasted!
* * * LOW HITPOINT WARNING * * *
You completely miss Joseph.
Joseph is severely wounded.
Joseph hits you with a +0 quarterstaff!
You die...

##.......##
###.........#
...
..'...).....+
...
###..)).....#
... #
##.......##@ #.#
.# ##.....##
..##.##..#
##...## ..... .#
##'## #.###@##.#
#.# #...@....#
#.#########.####
##.##.## #.#
##....#>## #.#
.........###.#
#.#
######....#.##
#.#
##.#...#####.#
#.#_........#
#.#...#######


You could see Joseph.

Vanquished Creatures
  Edmund (D:5)
  Menkaure (D:7)
  2 black bears
  4 ogres
  A kobold brigand (D:7)
  A scorpion (D:5)
  A howler monkey (D:6)
  5 hounds
  An orc priest (D:7)
  2 jellies (D:6)
  A sleepcap (D:3)
  2 iguanas (D:6)
  4 adders
  A white imp (D:6)
  An ufetubus (D:6)
  2 worms
  2 dart slugs
  6 orcs
  6 endoplasms
  3 giant cockroaches
  4 goblins
  7 hobgoblins
  6 jackals
  12 kobolds
  A quokka (D:1)
  6 ball pythons
  4 bats
  2 rats (D:3)
89 creatures vanquished.

Notes
Turn   | Place    | Note
-------+----------+-------------------------------------------
     0 | D:1      | GeoRichter the Armataur Warper began the quest for the Orb.
     0 | D:1      | Reached XP level 1. HP: 18/18 MP: 3/3
    88 | D:1      | Reached skill level 2 in Maces & Flails
   146 | D:1      | Reached XP level 2. HP: 13/25 MP: 4/4
  1123 | D:2      | Reached XP level 3. HP: 29/31 MP: 5/5
  1145 | D:2      | Found a faded altar of an unknown god.
  1168 | D:2      | Prayed at the altar of an unknown god.
  1168 | D:2      | Became a worshipper of Lugonu the Unformed
  1168 | D:2      | Reached * piety under Lugonu
  1356 | D:2      | Reached skill level 3 in Maces & Flails
  2159 | D:3      | Reached XP level 4. HP: 19/39 MP: 2/6
  2749 | D:4      | Reached skill level 4 in Maces & Flails
  2785 | D:4      | Reached XP level 5. HP: 44/44 MP: 7/7
  2999 | D:4      | Found a radiant altar of Vehumet.
  3012 | D:4      | Reached ** piety under Lugonu
  3403 | D:5      | Entered Level 5 of the Dungeon
  3432 | D:5      | Found Ejixublo's Antique Armour Boutique.
  3432 | D:5      | Noticed an ogre
  3504 | D:5      | Found a transporter.
  3513 | D:5      | Found a transporter.
  3514 | D:5      | Noticed Tyszek's ghost (amateur MiDe)
  3515 | D:5      | Noticed a hornet
  3651 | D:5      | Noticed a black bear
  3659 | D:5      | Reached skill level 5 in Maces & Flails
  3684 | D:5      | Killed a black bear
  3685 | D:5      | Reached XP level 6. HP: 29/53 MP: 4/8
  3690 | D:5      | Reached skill level 6 in Maces & Flails
  3923 | D:5      | Noticed Edmund
  3933 | D:5      | Killed Edmund
  3947 | D:5      | Reached skill level 7 in Maces & Flails
  3947 | D:5      | Reached XP level 7. HP: 59/59 MP: 6/9
  4290 | D:5      | Found a sparkling altar of Nemelex Xobeh.
  4565 | D:6      | Reached skill level 1 in Invocations
  5188 | D:6      | Found a sacrificial altar of Ru.
  5188 | D:6      | Found a burning altar of Makhleb.
  5189 | D:6      | Found a hazy altar of Hepliaklqana.
  5369 | D:6      | Reached skill level 8 in Maces & Flails
  5452 | D:6      | Reached XP level 8. HP: 62/66 MP: 8/10
  6086 | D:7      | Noticed Menkaure
  6087 | D:7      | Found an opulent altar of Gozag.
  6090 | D:7      | Killed Menkaure
  6256 | D:7      | Noticed Joseph
  6272 | D:7      | Slain by Joseph

Illustrated notes

Levels and vault maps discovered:
D:1:      onia_arrival_mini_maze, layout_loops_ring
D:2:      minmay_general_purpose_star, layout_basic,
          shapermc_ecumenical_altar_ellora, kennysheep_generic_room_10
D:3:      layout_basic, minmay_misc_feat_hallway, chequers_hall_statues_y
D:4:      layout_basic, mainiacjoe_overflow_tiny_flanked, chequers_garden,
          minmay_misc_feat_ornament
D:5:      layout_gridville, mainiacjoe_overflow_alcove_1, gammafunk_ghost_hive,
          serial_shops, nicolae_shop_overgrown_old_shop, uniq_edmund
D:6:      layout_loops_cross, gammafunk_temple_overflow_claw,
          roderic_serpentine_path
D:7:      layout_loops_corners, overflow_temple_1_default,
          minmay_temple_entry_statues_pillars, lightli_corner_chamber,
          uniq_menkaure, uniq_joseph

Skill      XL: |  1  2  3  4  5  6  7  8 |
---------------+-------------------------+-----
Maces & Flails | 2 3 4 5 7 8 |  8.8
Fighting       | 2 |  2.4
Invocations    | 2 3 |  3.7
Throwing       | |  0.8
Armour         | |  1.2
Dodging        | |  1.3
Spellcasting   | |  1.7
Translocations | |  3.0

Action                     |  1- 3 |  4- 6 |  7- 9 || total
---------------------------+-------+-------+-------++-------
  Melee: Mace              |    47 |       |       ||    47
         Flail             |    53 |       |       ||    53
         Tailslap          |     8 |     4 |    17 ||    29
         Morningstar       |    31 |   103 |   132 ||   266
         Punch             |       |     1 |     1 ||     2
  Throw: Boomerang         |       |     4 |       ||     4
    Use: Scroll            |     2 |     5 |     3 ||    10
         Potion            |       |     3 |     2 ||     5
 Armour: Leather armour    |    47 |       |    10 ||    57
         Scale mail        |    16 |    84 |    93 ||   193
         Skin              |       |    31 |       ||    31
  Dodge: Dodged            |    56 |    54 |    43 ||   153
